 Dungeon Crawl Stone Soup version 0.30-a0-622-gddc90eaa04 (webtiles) character file.

Game seed: 10111485459085609460

166 mandoloar the Insei (level 5, 0/36 HPs)
             Began as an Octopode Transmuter on Jan 10, 2023.
             Killed from afar by an orc wizard (10 damage)
             ... with a puff of flame
             ... on level 4 of the Dungeon.
             The game lasted 00:14:00 (4191 turns).

mandoloar the Insei (Octopode Transmuter)           Turns: 4191, Time: 00:14:00

Health: 0/36       AC:  1    Str: 10    XL:     5   Next: 47%
Magic:  0/2        EV: 18    Int: 24    God:
Gold:   279        SH:  0    Dex: 12    Spells: 5/8 levels left

rFire   . . .      SeeInvis .    a - +11 short sword of Superiority {antimagic, rN+ Int+7}
rCold   . . .      Faith    .    (no shield)
rNeg    + . .      Spirit   .    (helmet restricted)
rPois   .          Reflect  .    (no amulet)
rElec   .          Harm     .    i - +5 ring of evasion
rCorr   .          Rampage  .    (no ring)
Will    .....                    (no ring)
Stlth   +++                      (no ring)
HPRegen 0.26/turn                (no ring)
MPRegen 0.08/turn                (no ring)
                                 (no ring)
                                 (no ring)

@: wereblooded
A: almost no armour, amphibious, 8 rings, camouflage 1, gelatinous body 1,
(nimble swimmer 1), tentacles
a: no special abilities


You were on level 4 of the Dungeon.
You visited 2 branches of the dungeon, and saw 5 of its levels.

You collected 279 gold pieces.

Inventory:

Hand Weapons
 a - the +11 short sword of Superiority (weapon) {antimagic, rN+ Int+7}
   (You found it on level 2 of the Dungeon)

   Int:       It affects your intelligence (+7).
   rN:        It protects you from negative energy.
 b - a +1 hand axe
Missiles
 j - 11 stones (quivered)
Jewellery
 i - a +5 ring of evasion (left tentacle)
Scrolls
 d - a scroll of poison {unknown}
 m - 2 scrolls of identify
 n - 3 scrolls of vulnerability {unknown}
 o - a scroll of teleportation {unknown}
Potions
 c - a potion of lignification
 e - a potion of magic
 f - 2 potions of degeneration {unknown}
 g - 2 potions of curing {unknown}
 h - 2 potions of brilliance
 k - a potion of attraction {unknown}
 l - a potion of ambrosia {unknown}


   Skills:
 + Level 3.2 Fighting
 - Level 2.0 Dodging
 - Level 3.0 Stealth
 + Level 4.2 Unarmed Combat
 + Level 2.1 Spellcasting
 + Level 2.1 Transmutations


You had 5 spell levels left.
You knew the following spells:

 Your Spells              Type           Power      Damage    Failure   Level
a - Beastly Appendage     Tmut           24%        N/A       4%          1
b - Wereblood             Tmut           12%        N/A       8%          2

Your spell library contained the following spells:

 Spells                   Type           Power      Damage    Failure   Level
 Sublimation of Blood     Necr           2%         N/A       19%         2
 Spider Form              Tmut/Pois      7%         N/A       22%         3
 Inner Flame              Hex/Fire       2%         N/A       34%         3
 Ice Form                 Ice/Tmut       7%         N/A       58%         4
 Cause Fear               Hex            1%         N/A       75%         4
 Summon Hydra             Summ           1%         N/A       100%        7
 Discord                  Hex            1%         N/A       100%        8


Dungeon Overview and Level Annotations

Branches:
Dungeon (4/15)             Temple (1/1) D:4

Altars:
Cheibriados
Elyvilon
Fedhas
Kikubaaqudgha
Makhleb
Nemelex Xobeh
Okawaru
Qazlal
Sif Muna
Trog
Uskayaw
Vehumet
The Shining One

Shops:
D:1 (   D:2 *[*

Portals:
Abyss: D:4

Annotations:
D:3 3 runed translucent doors, purpskrrrp's ghost, amateur DEHu; voltaire321's ghost, amateur DsAr
D:4 bjtr's ghost, amateur GrEE


Innate Abilities, Weirdness & Mutations

You cannot wear most types of armour.
You are amphibious.
You can wear up to eight rings at the same time.
Your skin changes colour to match your surroundings (Stealth+).
Your rubbery body absorbs attacks. (AC +1, EV +1)
((You are camouflaged when in or above water. (Stealth+)))
You have tentacles for arms and can constrict up to eight enemies at once.


Message History

You're too confused to move!
The orc wizard closely misses you.
You miss the orc wizard. The orc wizard casts a spell at you.
You are more confused.
You bump into the rock wall.
The orc wizard barely misses you.
You bump into the rock wall.
Something hits you. The orc wizard misses you.
You hit the orc wizard.
The orc wizard's magic leaks into the air.
Your squeeze misses the orc wizard.
The orc wizard is lightly wounded.
The orc wizard barely misses you. Something hits you. Something hits you.
You bump into the rock wall.
The orc wizard's magic is no longer disrupted.
The orc wizard completely misses you.
You completely miss the orc wizard.
The orc wizard is lightly wounded.
The orc wizard hits you but does no damage.
You miss the orc wizard.
The orc wizard is lightly wounded.
The orc wizard hits you with a +0 dagger.
You puncture the orc wizard!
You kill the orc wizard!
You feel less confused.
You puncture something! Something hits you.
You miss something.
You hear some strange, mumbled words.
A magic dart appears from out of thin air!
The magic dart hits you!
* * * LOW HITPOINT WARNING * * *
Okay, then.
Casting: Beastly Appendage (safe; 4% risk of failure)
Confirm with . or Enter, or press ? or * to list all spells.
Your blood is infused with primal strength.
You miss something.
You hear some strange, mumbled words.
A puff of flame appears from out of thin air!
The puff of flame hits you!
You die...

...#.##....#.....###......##
####.#########.##...........
# #.# ...................# #
#.# #######.##.........# #
#.# #.......##.........# #
#.# .....#####.........# #
#.# ...................#
...#.####{##........# .#
#@##........# #.##........#
#.##........# #.##........#
#.##........# #.# #.# #.#
#.#


There were no monsters in sight!

Vanquished Creatures
  An orc priest (D:3)
  An orc wizard (D:4)
  4 gnolls (D:3)
  An adder (D:3)
  A worm (D:2)
  A dart slug (D:2)
  2 orcs (D:3)
  3 bats
  6 endoplasms
  4 giant cockroaches
  4 hobgoblins
  6 kobolds
  3 quokkas
  7 ball pythons
  2 frilled lizards
  6 goblins
  5 rats
57 creatures vanquished.

Vanquished Creatures (others)
  6 withered plants (D:3)
6 creatures vanquished.

Grand Total: 63 creatures vanquished

Notes
Turn   | Place    | Note
-------+----------+-------------------------------------------
     0 | D:1      | mandoloar the Octopode Transmuter began the quest for the
                  | Orb.
     0 | D:1      | Reached XP level 1. HP: 13/13 MP: 3/3
   378 | D:1      | Found Cyggac's Weapon Emporium.
   435 | D:1      | Reached XP level 2. HP: 15/18 MP: 3/5
  1533 | D:1      | Reached skill level 1 in Stealth
  1865 | D:2      | Found Gijudoicomn's General Store.
  1865 | D:2      | Found Usarr's Antique Armour Shop.
  1870 | D:2      | Reached XP level 3. HP: 24/24 MP: 6/6
  2166 | D:2      | Identified the +11 short sword of Superiority {antimagic,
                  | rN+ Int+7}
  2474 | D:2      | Learned a level 2 spell: Wereblood
  2640 | D:2      | Identified the +0 robe "Fehipniqe" {rF+}
  2651 | D:2      | Found Bivvued's Assorted Antiques.
  3240 | D:3      | Reached XP level 4. HP: 22/30 MP: 0/7
  3480 | D:3      | Found an iron altar of Okawaru.
  3545 | D:3      | Found a shimmering blue altar of Sif Muna.
  3580 | D:3      | Found a runed translucent gate.
  3582 | D:3      | Found a runed translucent gate.
  3583 | D:3      | Found a runed translucent gate.
  3593 | D:3      | Reached skill level 4 in Unarmed Combat
  3606 | D:3      | Noticed voltaire321's ghost (amateur DsAr)
  3607 | D:3      | Noticed purpskrrrp's ghost (amateur DEHu)
  3675 | D:3      | Reached XP level 5. HP: 36/36 MP: 1/8
  3809 | D:3      | Found a white marble altar of Elyvilon.
  4002 | D:4      | Found a staircase to the Ecumenical Temple.
  4015 | Temple   | Entered the Ecumenical Temple
  4063 | D:4      | Found a blossoming altar of Fedhas.
  4067 | D:4      | Found a stormy altar of Qazlal.
  4111 | D:4      | Noticed a kobold brigand
  4116 | D:4      | Found a one-way gate to the infinite horrors of the Abyss.
  4116 | D:4      | Noticed bjtr's ghost (amateur GrEE)
  4191 | D:4      | Killed from afar by an orc wizard

Illustrated notes

Levels and vault maps discovered:
D:1:      wheals_arrival_shading, layout_basic, serial_shops,
          nicolae_shop_window_shopping
D:2:      layout_basic, serial_shops, shop_fountains, shop, shop
D:3:      layout_rooms, okawaru_trees_2,
          mainiacjoe_overflow_concentric_impassable, elyvilon_altar_5,
          gammafunk_ghost_cemetery
D:4:      layout_basic, grunt_temple_overflow_forces_of_nature,
          minmay_temple_entry_stoned_glass, gammafunk_ghost_abyssal_escape
Temple:   nicolae_temple_ecumenical_triangle

Skill      XL: |  1  2  3  4  5 |
---------------+----------------+-----
Stealth        | 1 3 |  3.0
Fighting       | 2 3 |  3.2
Unarmed Combat | 4 |  4.2
Dodging        | |  2.0
Spellcasting   | |  2.1
Transmutations | |  2.1

Action                   |  1- 3 |  4- 6 || total
-------------------------+-------+-------++-------
Melee: Club              |     6 |       ||     6
       Hand axe          |    24 |       ||    24
       Unarmed           |    19 |       ||    19
       Constrict         |    19 |     5 ||    24
       Tentacles         |    16 |     1 ||    17
       Kick              |     5 |     3 ||     8
       Short sword       |    33 |    26 ||    59
       Punch             |       |     1 ||     1
Throw: Stone             |     7 |       ||     7
 Cast: Beastly Appendage |    11 |     3 ||    14
       Wereblood         |     4 |     1 ||     5
  Use: Scroll            |     4 |     2 ||     6
 Stab: Sleeping          |     1 |     2 ||     3
Armor: Skin              |     8 |     2 ||    10
Dodge: Dodged            |    60 |    15 ||    75

Table legend: (Time is in decaauts)
 A = Elapsed time spent in this place.
 B = Non-inter-level travel time spent in this place.
 C = Inter-level travel time spent in this place.
 D = Time resting spent in this place.
 E = Time spent auto-exploring this place.
 F = Levels seen in this place.
 G = Mean time per level.
                   A        B        C        D        E       F      G
               +--------+--------+--------+--------+--------+-----+--------+
         Total |   4198 |   4008 |    190 |   1346 |   1878 |   5 |  839.6 |
       Dungeon |   4153 |   3973 |    180 |   1346 |   1848 |   4 | 1038.2 |
        Temple |     44 |     34 |     10 |      0 |     30 |   1 |   44.0 |
               +--------+--------+--------+--------+--------+-----+--------+

Top non-repeatable levels by time:
     D:1: 1962 daAuts
     D:2: 1274 daAuts
     D:3: 741 daAuts
     D:4: 175 daAuts
  Temple: 44 daAuts
